 Dungeon Crawl Stone Soup version 0.22-a0-460-g49b1da7 (webtiles) character file.

270 PegasusDuck the Skirmisher (level 6, 0/60 HPs)
             Began as a Ghoul Wanderer on June 9, 2018.
             Killed from afar by Ijyb (6 damage)
             ... with a wand of acid (7)
             ... on level 4 of the Dungeon.
             The game lasted 00:08:09 (3689 turns).

PegasusDuck the Skirmisher (Ghoul Wanderer)         Turns: 3689, Time: 00:08:09

Health: 0/60       AC:  5    Str: 18    XL:     6   Next: 22%
Magic:  5/5        EV: 10    Int:  9    God:
Gold:   235        SH:  0    Dex:  6    Spells: 5/5 levels left

rFire    . . .     SeeInvis .   a - +2 short sword (venom)
rCold    + . .     Gourm    .   (no shield)
rNeg     + + +     Faith    .   e - +0 ring mail
rPois    ∞         Spirit   .   g - +2 helmet
rElec    .         Reflect  .   (no cloak)
rCorr    .         Harm     .   (no gloves)
MR       .....                  d - +0 pair of boots
Stlth    +.........             (no amulet)
HPRegen  0.00/turn              (no ring)
MPRegen  0.09/turn              (no ring)

@: corroded, rotting
A: rotting body, claws 1, carnivore, cold resistance 1, negative energy
resistance 3, inhibited regeneration, torment resistance, unbreathing
a: no special abilities


You were on level 4 of the Dungeon.
You were not hungry.

You visited 1 branch of the dungeon, and saw 4 of its levels.

You collected 235 gold pieces.

Inventory:

Hand Weapons
 a - a +2 short sword of venom (weapon)
Missiles
 j - 19 poisoned needles
 l - 4 curare-tipped needles
Armour
 d - a +0 pair of boots (worn)
 e - a +0 ring mail (worn)
 g - a +2 helmet (worn)
Wands
 c - a wand of random effects (11)
Scrolls
 h - a scroll of remove curse
 i - a scroll of enchant armour {unknown}
Potions
 b - a potion of flight
 k - 3 potions of curing {unknown}
 m - a potion of resistance {unknown}
 n - a potion of brilliance {unknown}
Comestibles
 f - 8 rations


   Skills:
 + Level 7.4 Fighting
 - Level 1.7 Short Blades
 - Level 1.0 Armour
 - Level 2.1 Stealth
   Level 1.0 Shields
 - Level 1.0 Evocations


You had 5 spell levels left.
You didn't know any spells.
Your spell library was empty.

Dungeon Overview and Level Annotations

Branches:
Dungeon (4/15)
 Temple: D:4-7

Altars:
Hepliaklqana
Okawaru
Sif Muna
Trog
Xom
Yredelemnul

Annotations:
D:2 1 runed door, 2 transporters, Sigmund
D:4 Ijyb


Innate Abilities, Weirdness & Mutations

Your body is rotting away.
You thrive on raw meat.
You are immune to poison.
You have sharp fingernails.
You are carnivorous and can eat meat at any time.
Your flesh is cold resistant. (rC+)
You are immune to negative energy. (rN+++)
You do not regenerate when monsters are visible.
You are immune to unholy pain and torment.
You can survive without breathing.


Message History

* * * LOW HITPOINT WARNING * * *
You are too injured to fight recklessly!
You are too injured to fight recklessly!
You are too injured to fight recklessly!
Unknown command.
You feel much better. The bat closely misses you.
The orc hits you but does no damage. Ijyb misses you.
Okay, then.
The bat hits you but does no damage. The bat barely misses you.
The orc completely misses you.
Ijyb zaps a wand.
The bolt of acid hits you!
You are splashed with acid!
The acid burns!
* * * LOW HITPOINT WARNING * * *
Things that are here:
a dagger of venom; a robe The bat hits you but does no damage.
Ijyb zaps a wand.
The bolt of acid hits the orc.
The orc is splashed with acid.
The acid corrodes the orc!
The orc dies!
The bolt of acid hits you!
You die...

#.#.#.#...#
##.#.#.#+#.
#.#.#.#.#.#
##.#.#.#.#
#.#.#.#.#.#
##g#.#.#.#.#
#.<.#.#.#.#.#
#######)#.#.#.#.#.#
#......#@#.#.#.#.#.
#.#####.#.#.#.#.#.#
#.# #.#.#.#.#.#.#.
#.# ## #.#.#.#.#.
#.# #.#.#.#. ##'##
#.#.#. #...# #.#.#
#...# #.#. #...#


You could see Ijyb.

Vanquished Creatures
  An orc priest (D:3)
  A hound (D:3)
  An orc wizard (D:4)
  Natasha (D:3)
  7 adders
  2 oozes
  3 worms
  3 dart slugs
  3 leopard geckos
  2 orcs (D:3)
  2 bats
  2 giant cockroaches
  6 goblins
  3 hobgoblins
  10 jackals
  8 kobolds
  A quokka (D:3)
  8 ball pythons
  A frilled lizard (D:3)
  6 rats
71 creatures vanquished.

Vanquished Creatures (others)
  An orc (D:4)
1 creature vanquished.

Grand Total: 72 creatures vanquished

Notes
Turn   | Place    | Note
-------+----------+-------------------------------------------
     0 | D:1      | PegasusDuck the Ghoul Wanderer began the quest for the Orb.
     0 | D:1      | PegasusDuck set off with: a +2 short sword, a scroll of teleportation, a wand of random effects (15), a +0 robe, a +0 dagger, a ration
     0 | D:1      | Reached XP level 1. HP: 19/19 MP: 0/0
   347 | D:2      | Found a bloodstained altar of Trog.
   347 | D:2      | Found an iron altar of Okawaru.
   691 | D:2      | Found a shimmering altar of Xom.
   753 | D:2      | Found a runed door.
   783 | D:2      | Reached skill level 4 in Fighting
   783 | D:2      | Reached XP level 2. HP: 23/23 MP: 1/1
   874 | D:2      | Found a transporter.
   875 | D:2      | Found a transporter.
   878 | D:2      | Noticed a water moccasin
   894 | D:2      | Found a hazy altar of Hepliaklqana.
  1113 | D:2      | Reached XP level 3. HP: 21/28 MP: 2/2
  1202 | D:2      | Noticed Sigmund
  1505 | D:1      | Reached skill level 5 in Fighting
  2016 | D:2      | Reached XP level 4. HP: 39/42 MP: 3/3
  2582 | D:3      | Reached skill level 6 in Fighting
  2611 | D:3      | Reached XP level 5. HP: 46/50 MP: 4/4
  3041 | D:3      | Found a basalt altar of Yredelemnul.
  3043 | D:3      | Found a deep blue altar of Sif Muna.
  3297 | D:3      | Noticed Natasha
  3302 | D:3      | Killed Natasha
  3492 | D:4      | Reached skill level 7 in Fighting
  3568 | D:3      | Reached XP level 6. HP: 38/59 MP: 5/5
  3682 | D:4      | Noticed Ijyb
  3689 | D:4      | Killed from afar by Ijyb

Vault maps used:
D:1:      dpeg_arrival_pits
D:2:      kennysheep_six_static_rooms, gammafunk_temple_overflow_statue,
          lemuel_doored_altar, gammafunk_temple_overflow_arena, first_ration,
          uniq_sigmund, uniq_crazy_yiuf_cottage
D:3:      minitemple, minmay_shallow_snake_nest, uniq_natasha
D:4:      uniq_ijyb, uniq_grinder

Skill      XL: |  1  2  3  4  5 |
---------------+----------------+-----
Fighting       | 4 5 6 7 |  7.4
Short Blades   | |  1.7
Armour         | |  1.0
Stealth        | |  2.1
Shields        | |  1.0
Evocations     | |  1.0

Action                   |  1- 3 |  4- 6 || total
-------------------------+-------+-------++-------
Melee: Short sword       |   104 |   155 ||   259
Evoke: Wand              |     4 |       ||     4
  Use: Scroll            |     4 |     2 ||     6
       Potion            |     5 |     1 ||     6
 Stab: Distracted        |     1 |       ||     1
  Eat: Chunk             |     3 |     6 ||     9
Armor: Robe              |    11 |       ||    11
       Ring mail         |     3 |    81 ||    84
Dodge: Dodged            |    56 |    94 ||   150

Table legend:
 A = Spawn XP
 B = Non-spawn XP
 C = Spawn XP percentage of total XP
 D = Spawn monster count
 E = Non-spawn monster count
 F = Spawn count percentage of total count
 G = Total turns spent on level
                    A         B        C        D         E        F      G
               +---------+---------+-------+---------+---------+-------+---------
         Total |       0 |     387 |   0.0 |       0 |      72 |   0.0 |  3689
               +---------+---------+-------+---------+---------+-------+---------
           D:1 |       0 |      43 |   0.0 |       0 |      20 |   0.0 |   841
           D:2 |       0 |      58 |   0.0 |       0 |      10 |   0.0 |  1727
           D:3 |       0 |     234 |   0.0 |       0 |      35 |   0.0 |  1015
           D:4 |       0 |      52 |   0.0 |       0 |       7 |   0.0 |   106
               +---------+---------+-------+---------+---------+-------+---------
